 Dungeon Crawl Stone Soup version 0.24-a0-494-g17ce2c7 (webtiles) character file.

Game seed: 12779571491410346358

23 Daunt the Sneak (level 2, 0/11 HPs)
             Began as a Vampire Enchanter on July 11, 2019.
             Slain by a hobgoblin (4 damage)
             ... on level 1 of the Dungeon on July 12, 2019.
             The game lasted 00:03:28 (696 turns).

Daunt the Sneak (Vampire Enchanter)                  Turns: 696, Time: 00:03:28

Health: 0/11       AC:  2    Str:  7    XL:     2   Next: 75%
Magic:  5/5        EV: 13    Int: 17    God:
Gold:   14         SH:  0    Dex: 14    Spells: 4/5 levels left

rFire    . . .     SeeInvis +   a - +1 dagger
rCold    + + .     Gourm    .   (no shield)
rNeg     + + +     Faith    .   b - +0 robe
rPois    ∞         Spirit   .   (no helmet)
rElec    .         Reflect  .   (no cloak)
rCorr    .         Harm     .   (no gloves)
MR       .....                  (no boots)
Stlth    +++++.....             (no amulet)
HPRegen  0.00/turn              (no ring)
MPRegen  0.09/turn              (no ring)

@: bloodless, regenerating quickly
A: no food, fangs 3, see invisible, [frail 2], unbreathing
a: Revivify


You were on level 1 of the Dungeon.
You were bloodless.

You visited 1 branch of the dungeon, and saw 1 of its levels.

You collected 14 gold pieces.

Inventory:

Hand Weapons
 a - a +1 dagger (weapon)
Missiles
 h - 27 sling bullets
Armour
 b - a +0 robe (worn)
Scrolls
 d - 2 scrolls of blinking {unknown}
 e - 2 scrolls of identify {unknown}
 f - a scroll of enchant armour {unknown}
 j - 3 scrolls of remove curse {unknown}
Potions
 c - a potion of cancellation {unknown}
 g - a potion of curing {unknown}
 i - 2 potions of ambrosia {unknown}


   Skills:
 + Level 1.8 Short Blades
 - Level 2.5 Dodging
 - Level 4.7 Stealth
 - Level 2.2 Spellcasting
 - Level 4.7 Hexes


You had 4 spell levels left.
You knew the following spells:

 Your Spells              Type           Power        Failure   Level  Hunger
a - Corona                Hex            ###....      2%          1    N/A

Your spell library contained the following spells:

 Spells                   Type           Power        Failure   Level  Hunger
 Confuse                  Hex            ###.....     9%          3    N/A
 Tukima's Dance           Hex            ###.....     9%          3    N/A
 Ensorcelled Hibernation  Hex/Ice        #.....       11%         2    N/A
 Dazzling Spray           Conj/Hex       #.....       22%         3    N/A

Dungeon Overview and Level Annotations

Branches:
Dungeon (1/15)

Altars:


Innate Abilities, Weirdness & Mutations

You do not eat.
You do not regenerate when monsters are visible.
You are frail without blood (-20% HP).
You are immune to poison.
You have razor-sharp teeth.
You have supernaturally acute eyesight. (SInv)
You can survive without breathing.
[You are very frail. (-20% HP)]


Message History

You hit the hobgoblin but do no damage.
The hobgoblin is heavily wounded.
The hobgoblin barely misses you.
You hit the hobgoblin but do no damage.
The hobgoblin is heavily wounded.
The hobgoblin hits you.
You completely miss the hobgoblin.
The hobgoblin is heavily wounded.
The hobgoblin hits you.
You are too injured to fight recklessly!
You are too injured to fight recklessly!
You closely miss the hobgoblin.
The hobgoblin is heavily wounded.
The hobgoblin closely misses you.
You closely miss the hobgoblin.
The hobgoblin is heavily wounded.
You hit the hobgoblin but do no damage.
The hobgoblin is heavily wounded.
The hobgoblin hits you.
You die...

#....## #.##...
####.##### #....#
#.##.# ##.##.##
########......#
#.g....###..### #@#
#......# #.# ##.##.##
####.######......#
#........†#.####.#
#.##.######......####
#.##.# ##.##.##...
#.##.# #......####
#.##.# ###..####..
#.##.. #......##..


You could see a hobgoblin.

Vanquished Creatures
  A leopard gecko (D:1)
  2 ball pythons (D:1)
  4 bats (D:1)
  2 giant cockroaches (D:1)
  2 goblins (D:1)
  3 hobgoblins (D:1)
  3 frilled lizards (D:1)
  A kobold (D:1)
  4 rats (D:1)
22 creatures vanquished.

Notes
Turn   | Place    | Note
-------+----------+-------------------------------------------
     0 | D:1      | Daunt the Vampire Enchanter began the quest for the Orb.
     0 | D:1      | Reached XP level 1. HP: 13/13 MP: 3/3
    69 | D:1      | Upgraded the game from 0.24-a0-489-g1c7b743 to
                  | 0.24-a0-494-g17ce2c7
   210 | D:1      | Reached XP level 2. HP: 13/17 MP: 5/5
   696 | D:1      | Slain by a hobgoblin

Levels and vault maps discovered:
D:1:      giann_bridges, layout_loops_ring, minmay_misc_feat_alley,
          chequers_mini_garden

Action                   || total
-------------------------++-------
Melee: Dagger            ||   109
       Bite              ||     3
 Cast: Corona            ||     1
 Abil: Exsanguinate      ||     4
       Revivify          ||     2
 Stab: Sleeping          ||     5
Armor: Robe              ||    19
Dodge: Dodged            ||    75

Table legend:
 A = Non-vault XP
 B = Vault XP
 C = Vault XP percentage of total XP
 D = Non-vault monster count
 E = Vault monster count
 F = Vault count percentage of total count
                 A         B        C        D         E       F
            +---------+---------+-------+---------+---------+-------
      Total |      34 |       0 |   0.0 |      22 |       0 |   0.0
            +---------+---------+-------+---------+---------+-------
        D:1 |      34 |       0 |   0.0 |      22 |       0 |   0.0
            +---------+---------+-------+---------+---------+-------
